 Dungeon Crawl Stone Soup version 0.31.0-1-g2c135a0 (webtiles) character file.

Game seed: 17615212170512147520

36999 Jili the Thaumaturge (level 13, -11/71 HPs)
             Began as an Octopode Conjurer on Apr 20, 2024.
             Was an Initiate of Gozag.
             Mangled by a snapping turtle (27 damage)
             ... on level 3 of the Lair of Beasts on Apr 21, 2024.
             The game lasted 06:22:16 (35013 turns).

Jili the Thaumaturge (Octopode Conjurer)           Turns: 35013, Time: 06:22:16

Health: -11/71     AC:  1    Str: 14    XL:     13   Next: 93%
Magic:  17/36      EV: 16    Int: 23    God:    Gozag
Gold:   423        SH:  5    Dex: 17    Spells: 1/32 levels left

rFire   . . .        A - staff of conjuration
rCold   . . .        (no shield)
rNeg    + . .        (helmet restricted)
rPois   +            x - amulet of reflection
rElec   +            D - ring of magical power
rCorr   .            f - +6 ring of dexterity
SInv    .            E - ring "Cuynk" {rElec rPois rN+ Str+6}
Will    .....        (no ring)
Stlth   +++++        (no ring)
HPRegen 0.31/turn    (no ring)
MPRegen 0.25/turn    (no ring)
                     (no ring)

%: reflection
@: studying 2 skills
A: almost no armour, amphibious, 8 rings, camouflage 1, gelatinous body 1,
(nimble swimmer 1), tentacles
a: Renounce Religion, Potion Petition, Call Merchant, Bribe Branch


You were on level 3 of the Lair of Beasts.
You worshipped Gozag.
Gozag was aware of your devotion.
You visited 3 branches of the dungeon, and saw 17 of its levels.

You collected 3378 gold pieces.
You spent 2870 gold pieces at shops.
You paid 85 gold pieces to Gozag.

Inventory:

Hand Weapons
 p - a +0 war axe of flaming
 z - a +3 flail of protection
 H - a +4 quarterstaff of chaos
 I - a +2 trident of venom
 K - a +3 scimitar of freezing
 W - a +0 arbalest
Missiles
 b - 3 throwing nets
 q - 39 poisoned darts (quivered)
 M - 2 curare-tipped darts
Armour
 d - an orb of guile
 B - a +0 buckler
Magical Staves
 y - a staff of earth
 A - a staff of conjuration (weapon)
Jewellery
 f - a +6 ring of dexterity (right tentacle)
 g - a ring of fire
 x - an amulet of reflection (around mantle)
 D - a ring of magical power (left tentacle)
 E - the ring "Cuynk" (on tentacle) {rElec rPois rN+ Str+6}
   (You acquired it on level 12 of the Dungeon)

   [ring of strength]

   Str+6:     It affects your strength (+6).
   rElec:     It insulates you from electricity.
   rPois:     It protects you from poison rN+: It protects you from negative
   energy.
Wands
 F - a wand of light (3)
 L - a wand of iceblast (6)
 O - a wand of flame (25)
 Q - a wand of mindburst (11)
 Z - a wand of polymorph (8)
Scrolls
 e - 3 scrolls of fear {unknown}
 i - 4 scrolls of revelation
 l - a scroll of torment {unknown}
 m - a scroll of butterflies
 o - a scroll of silence {unknown}
 s - 2 scrolls of vulnerability
 G - 2 scrolls of poison
 P - 2 scrolls of noise {unknown}
 R - 2 scrolls of enchant weapon {unknown}
 T - a scroll of fog
 V - 5 scrolls of blinking
 X - 7 scrolls of teleportation
 Y - 2 scrolls of immolation
Potions
 a - a potion of magic
 c - a potion of ambrosia {unknown}
 h - 5 potions of enlightenment {unknown}
 j - 2 potions of attraction {unknown}
 k - 4 potions of might
 n - a potion of heal wounds
 r - 2 potions of mutation {unknown}
 t - 3 potions of lignification
 u - 4 potions of curing
 v - a potion of resistance
 J - 2 potions of brilliance
 N - a potion of cancellation {unknown}
 U - 2 potions of berserk rage {unknown}
Miscellaneous
 w - a condenser vane
 C - a box of beasts
 S - a phial of floods


   Skills:
 + Level 4.8 Polearms
 + Level 4.6 Ranged Weapons
 + Level 6.3 Dodging
 + Level 8.9 Stealth
 * Level 10.2 Spellcasting
 * Level 8.6 Conjurations
 * Level 7.4 Summonings
 * Level 7.6 Translocations
 * Level 2.0 Fire Magic
 * Level 5.8 Ice Magic
 * Level 7.3 Air Magic
 * Level 6.6 Earth Magic
 * Level 7.5 Alchemy
 + Level 5.0 Evocations


You had one spell level left.
You knew the following spells:

 Your Spells              Type           Power      Damage    Failure   Level
a - Magic Dart            Conj           100%       1d8       1%          1
b - Searing Ray           Conj           100%       2d8       1%          2
c - Iskenderun's Mystic   Conj/Tloc      65%        2d13      1%          4
d - Summon Lightning Spi  Summ/Air       46%        N/A       2%          4
e - Fulminant Prism       Conj/Alch      32%        3d16      1%          4
f - Stone Arrow           Conj/Erth      100%       3d13      1%          3
g - Hailstorm             Conj/Ice       61%        3d11      1%          3
h - Summon Ice Beast      Ice/Summ       42%        N/A       1%          3
i - Airstrike             Air            22%        2d(4-20)  2%          4
j - Inner Flame           Hex/Fire       16%        N/A       11%         3

Your spell library contained the following spells:

 Spells                   Type           Power      Damage    Failure   Level
 Sandblast                Erth           84%        2d18      1%          1
 Sting                    Conj/Alch      100%       1d9       1%          1
 Summon Small Mammal      Summ           100%       N/A       1%          1
 Necrotise                Necr           44%        1d6       5%          1
 Mercury Vapours          Alch/Air       92%        N/A       1%          2
 Static Discharge         Conj/Air       100%       3-8/arc   1%          2
 Call Canine Familiar     Summ           46%        N/A       1%          3
 Passwall                 Erth           42%        N/A       1%          3
 Brom's Barrelling Bould  Conj/Erth      63%        2d8       2%          4
 Olgreb's Toxic Radiance  Alch           46%        N/A       2%          4
 Vhi's Electric Charge    Tloc/Air       92%        N/A       2%          4
 Arcjolt                  Conj/Air       32%        1d42      5%          5
 Flame Wave               Conj/Fire      53%        2d13      6%          4
 Ignite Poison            Fire/Alch      33%        N/A       8%          4
 Sticky Flame             Fire/Alch      33%        2d7       8%          4
 Summon Blazeheart Golem  Fire/Summ      33%        N/A       8%          4
 Martyr's Knell           Necr/Summ      29%        N/A       12%         4
 Vampiric Draining        Necr           11%        2d6       17%         3
 Sculpt Simulacrum        Ice/Alch       21%        N/A       47%         6
 Plasma Beam              Fire/Air       16%        2x1d28    77%         6
 Curse of Agony           Necr           11%        N/A       83%         5
 Ignition                 Fire           10%        3d5       100%        8
 Lehudib's Crystal Spear  Conj/Erth      31%        10d8      100%        8
 Maxwell's Capacitive Co  Air            22%        ∞         100%        8
 Animate Armour           Summ/Erth      Unusable   N/A       N/A         4

Dungeon Overview and Level Annotations

Branches:
Dungeon (13/15)            Temple (1/1) D:5            Lair (3/5) D:9
 Shoals (0/4) Lair:3        Snake (0/4) Lair:3          Orc (0/2) D:11
 Vaults: D:13-14

Altars:
Ashenzari
Cheibriados
Dithmenos
Elyvilon
Fedhas
Gozag
Hepliaklqana
Kikubaaqudgha
Makhleb
Nemelex Xobeh
Okawaru
Qazlal
Ru
Sif Muna
Trog
Uskayaw
Vehumet
Wu Jian
Xom
Yredelemnul
Zin
The Shining One

Shops:
D:4 ((:   D:8 !   D:9 !([!

Portals:
Abyss: D:8
Bazaar: D:12

Annotations:
D:6 3 runed translucent doors, Dogchiho's ghost, novice MiFi
D:8 2 transporters, Erica; Gastronok; Psyche; Radamante's ghost, novice TrFi
D:11 3 runed translucent doors, SirRobin's ghost, journeyman GrFi
D:12 exclusion: obsidian statue


Innate Abilities, Weirdness & Mutations

You cannot wear most types of armour.
You are amphibious.
You can wear up to eight rings at the same time.
Your skin changes colour to match your surroundings (Stealth+).
Your rubbery body absorbs attacks. (AC +1, EV +1)
((You are camouflaged when in or above water. (Stealth+)))
You have tentacles for arms and can constrict up to eight enemies at once.


Message History

The snapping turtle is heavily wounded.
Casting: Stone Arrow (safe; 1% risk of failure)
Confirm with . or Enter, or press ? or * to list all spells.
Aiming: Stone Arrow (safe; 1% risk of failure)
Press: ? - help, Shift-Dir - straight line, f/p - snapping turtle
Aim: a snapping turtle (heavily wounded, ally target, 92% to hit)
You feel a surge of power!
The stone arrow hits the snapping turtle but does no damage.
The snapping turtle is heavily wounded.
Your lightning spire shoots out a bolt of lightning at the snapping turtle!
The bolt of electricity hits the snapping turtle.
Your ice beast hits the snapping turtle but does no damage.
Casting: Stone Arrow (safe; 1% risk of failure)
Confirm with . or Enter, or press ? or * to list all spells.
Aiming: Stone Arrow (safe; 1% risk of failure)
Press: ? - help, Shift-Dir - straight line, f/p - snapping turtle
Aim: a snapping turtle (heavily wounded, ally target, 92% to hit)
You feel a surge of power!
The stone arrow hits the snapping turtle!
The snapping turtle is severely wounded.
The water elemental hits your ice beast!!
Your ice beast dies!
Your ice beast disappears in a puff of smoke!
Casting: Stone Arrow (safe; 1% risk of failure)
Confirm with . or Enter, or press ? or * to list all spells.
Aiming: Stone Arrow (safe; 1% risk of failure)
Press: ? - help, Shift-Dir - straight line, f/p - snapping turtle
Aim: a snapping turtle (severely wounded, ally target, 92% to hit)
You feel a surge of power!
The stone arrow hits the snapping turtle but does no damage.
The snapping turtle is severely wounded.
The snapping turtle bites you from afar!!
Your lightning spire shoots out a bolt of lightning at the snapping turtle!
The bolt of electricity hits the snapping turtle.
Your lightning spire disappears in a puff of smoke!
The snapping turtle bites you from afar!!
* * * LOW HITPOINT WARNING * * *
The snapping turtle bites you from afar!!
You die...
Your body crumbles into a pile of gold.

##...## #...~≈#..>..#≈~##
##...## #...~~#.....#~~~#
#....P#
##..[~~##...##~~##
##..PP# #....~~~##§##≈~~#
#.....###.....~~~~§§§~~##
.....#.###...##~~§.~~~##
.................Et...#
......................#
................@.....#
.#####.##....#P###.####
## ########### ###


You could see a snapping turtle and a water elemental.

Vanquished Creatures
  A hydra (D:10)
  4 two-headed ogres
  3 skeletal warriors (D:12)
  An obsidian statue (D:12)
  A deep elf pyromancer (D:12)
  An ugly thing (D:12)
  Maurice (D:8)
  2 elephants (Lair:3)
  3 black mambas
  6 cane toads
  A kobold demonologist (D:9)
  A komodo dragon (D:9)
  2 trolls
  4 blink frogs (Lair:1)
  3 slime creatures
  A wraith (D:12)
  2 vampires
  26 yaks
  A steam dragon (D:7)
  Grum (D:8)
  2 basilisks
  11 vampire mosquitoes
  A nameless horror (D:6)
  2 nagas (Lair:3)
  4 water moccasins
  A black bear (D:7)
  An ice beast (D:5)
  2 sky beasts (D:8)
  An ogre (D:5)
  A centaur (D:13)
  6 wolves
  4 phantoms
  2 kobold brigands
  5 bullfrogs
  A gnoll sergeant (D:10)
  4 wights (D:6)
  6 killer bees (D:7)
  6 howler monkeys
  2 bombardier beetles
  A hound (D:2)
  3 jellies
  6 orc priests
  Crazy Yiuf (D:2)
  3 sleepcaps
  Natasha (thrice) (D:2)
  4 iguanas
  10 orc wizards
  5 adders
  3 gnolls (D:6)
  A white imp (D:6)
  2 ufetubi (D:7)
  3 ribbon worms
  A dart slug (D:4)
  27 orcs
  4 bats
  7 endoplasms
  A giant cockroach (D:2)
  7 goblins
  5 hobgoblins
  5 jackals
  15 kobolds
  2 quokkas
  10 ball pythons
  4 frilled lizards
  4 rats
  A fulminant prism (D:8)
265 creatures vanquished.

Vanquished Creatures (collateral kills)
  A hydra (Lair:2)
  A boulder beetle (Lair:2)
  Nergalle (Lair:3)
  2 skeletal warriors (D:12)
  A deep elf pyromancer (D:12)
  A manticore (D:9)
  An ugly thing (D:12)
  2 elephants (Lair:3)
  Joseph (D:8)
  A torpor snail (Lair:1)
  3 cane toads
  A komodo dragon (Lair:2)
  2 kobold demonologists (D:9)
  A troll (D:12)
  A polar bear (Lair:3)
  4 blink frogs (Lair:1)
  2 slime creatures (D:12)
  2 shadows
  A wraith (D:11)
  2 wyverns
  18 yaks
  2 basilisks
  A steam dragon (D:6)
  3 vampire mosquitoes
  7 water moccasins
  3 black bears
  An ogre (D:6)
  2 centaurs
  3 wolves
  3 bullfrogs
  2 kobold brigands (D:9)
  A gnoll sergeant (D:9)
  2 wights (D:6)
  3 howler monkeys
  3 orc priests
  A sleepcap (D:6)
  4 gnolls
  2 ufetubi (D:6)
  A ribbon worm (D:5)
  4 orcs
  4 kobolds (D:9)
101 creatures vanquished.

Vanquished Creatures (others)
  A slime creature (D:13)
  A phantom (D:6)
  39 fulminant prisms
41 creatures vanquished.

Grand Total: 407 creatures vanquished

Notes
Turn   | Place    | Note
-------+----------+-------------------------------------------
     0 | D:1      | Jili the Octopode Conjurer began the quest for the Orb.
     0 | D:1      | Reached XP level 1. HP: 11/11 MP: 3/3
   430 | D:1      | Reached XP level 2. HP: 17/17 MP: 3/5
   722 | D:1      | Found a faded altar of an unknown god.
  1500 | D:2      | Learned a level 2 spell: Searing Ray
  1569 | D:2      | Reached XP level 3. HP: 16/21 MP: 0/6
  1869 | D:2      | Noticed Natasha
  1884 | D:2      | Killed Natasha
  1885 | D:2      | Reached XP level 4. HP: 12/27 MP: 1/7
  2012 | D:2      | Noticed Natasha
  2621 | D:2      | Killed Natasha
  2660 | D:2      | Reached XP level 5. HP: 31/31 MP: 2/9
  2962 | D:2      | Noticed Natasha
  2970 | D:2      | Killed Natasha
  2971 | D:2      | Reached skill level 3 in Spellcasting
  3110 | D:2      | Found a hazy altar of Hepliaklqana.
  3153 | D:2      | Found a runed translucent door.
  3154 | D:2      | Noticed Crazy Yiuf
  3189 | D:2      | Learned a level 4 spell: Iskenderun's Mystic Blast
  3326 | D:3      | Found a basalt altar of Yredelemnul.
  3328 | D:3      | Found a glowing golden altar of the Shining One.
  3329 | D:3      | Found a broken altar of Ashenzari.
  3329 | D:3      | Found a stormy altar of Qazlal.
  3331 | D:3      | Found an ancient bone altar of Kikubaaqudgha.
  3331 | D:3      | Found a sparkling altar of Nemelex Xobeh.
  3332 | D:3      | Found a glowing silver altar of Zin.
  4525 | D:4      | Noticed a phantom
  4601 | D:4      | Found Butanes's Antique Weapon Shoppe.
  4633 | D:4      | Reached skill level 1 in Translocations
  4633 | D:4      | Reached XP level 6. HP: 36/36 MP: 5/10
  4944 | D:4      | Found Gocsyf's Book Boutique.
  5088 | D:4      | Learned a level 4 spell: Summon Lightning Spire
  5337 | D:4      | Found Cumoffel's Antique Weapon Shoppe.
  5494 | D:4      | Reached skill level 5 in Stealth
  5598 | D:4      | Reached skill level 5 in Conjurations
  5598 | D:4      | Reached skill level 1 in Summonings
  5598 | D:4      | Reached skill level 1 in Air Magic
  5598 | D:4      | Reached XP level 7. HP: 35/41 MP: 1/12
  6049 | D:5      | Entered Level 5 of the Dungeon
  6049 | D:5      | Found a staircase to the Ecumenical Temple.
  6310 | Temple   | Entered the Ecumenical Temple
  6320 | Temple   | Became a worshipper of Gozag Ym Sagoz the Greedy
  6692 | D:5      | Reached skill level 4 in Spellcasting
  6933 | D:5      | Noticed a troll
  7305 | D:5      | Reached XP level 8. HP: 46/46 MP: 10/14
  7652 | D:5      | Reached skill level 1 in Polearms
  7804 | D:5      | Learned a level 4 spell: Fulminant Prism
  7979 | D:5      | Reached skill level 1 in Ranged Weapons
  8387 | D:5      | Killed a troll
  8388 | D:5      | Reached skill level 1 in Earth Magic
  8388 | D:5      | Reached skill level 1 in Alchemy
  8388 | D:5      | Reached skill level 1 in Evocations
  9009 | D:2      | Killed Crazy Yiuf
  9312 | D:5      | Found a snail-covered altar of Cheibriados.
  9519 | D:6      | Noticed a two-headed ogre
  9778 | D:6      | Killed a two-headed ogre
  9779 | D:6      | Reached skill level 5 in Spellcasting
  9779 | D:6      | Reached XP level 9. HP: 51/51 MP: 6/16
 10235 | D:6      | Noticed a nameless horror
 10547 | D:6      | Killed a nameless horror
 10684 | D:6      | Found a runed translucent gate.
 10684 | D:6      | Found a runed translucent gate.
 10684 | D:6      | Found a runed translucent gate.
 10752 | D:6      | Noticed Dogchiho's ghost (novice MiFi)
 11576 | D:4      | Bought a book of Geomancy for 360 gold pieces
 11580 | D:4      | Learned a level 3 spell: Stone Arrow
 12102 | D:7      | Reached skill level 6 in Spellcasting
 12329 | D:4      | Bought a book of the Tundra for 360 gold pieces
 12801 | D:7      | Reached XP level 10. HP: 56/56 MP: 19/19
 14150 | D:7      | Learned a level 3 spell: Hailstorm
 14271 | D:8      | Noticed Radamante's ghost (novice TrFi)
 14271 | D:8      | Found a one-way gate to the infinite horrors of the Abyss.
 14303 | D:8      | Found a transporter.
 14398 | D:8      | Noticed Grum
 14405 | D:8      | Killed Grum
 14415 | D:8      | Noticed Maurice
 14933 | D:8      | Noticed Joseph
 15128 | D:8      | Found a transporter.
 15177 | D:8      | Noticed Gastronok
 15442 | D:8      | Found Dieruiss's Distillery.
 15527 | D:8      | Noticed Erica
 16464 | D:8      | Noticed Psyche
 16522 | D:9      | Found Distruc's Armour Shop.
 16522 | D:9      | Noticed a kobold demonologist
 16538 | D:10     | Entered Level 10 of the Dungeon
 16617 | D:9      | Found Weplu's Distillery.
 16622 | D:9      | Bought a potion of curing for 42 gold pieces
 16622 | D:9      | Bought a potion of resistance for 140 gold pieces
 16622 | D:9      | Bought a potion of lignification for 42 gold pieces
 17092 | D:9      | Reached skill level 5 in Translocations
 17265 | D:9      | Noticed a kobold demonologist
 17334 | D:9      | Noticed a manticore
 17379 | D:9      | Reached skill level 7 in Spellcasting
 17383 | D:9      | Reached skill level 1 in Ice Magic
 17388 | D:9      | Reached skill level 5 in Dodging
 17388 | D:9      | Reached skill level 5 in Air Magic
 17735 | D:8      | Killed Joseph
 17736 | D:8      | Reached skill level 5 in Summonings
 17736 | D:8      | Reached XP level 11. HP: 61/61 MP: 18/21
 18063 | D:8      | Killed Maurice
 18450 | D:9      | Found Ylocweud's Magic Scroll Shop.
 18575 | D:9      | Noticed a sixfirhy
 18579 | D:9      | Reached skill level 5 in Alchemy
 18774 | D:9      | Bought a scroll of blinking for 120 gold pieces
 18774 | D:9      | Bought a scroll of teleportation for 48 gold pieces
 18774 | D:9      | Bought a scroll of teleportation for 48 gold pieces
 18774 | D:9      | Bought a scroll of amnesia for 64 gold pieces
 18774 | D:9      | Bought a scroll of teleportation for 48 gold pieces
 18813 | D:9      | Learned a level 3 spell: Summon Ice Beast
 18814 | D:9      | Found Lukovu's Distillery.
 19002 | D:9      | Killed a manticore
 19162 | D:9      | Found a staircase to the Lair.
 19205 | D:9      | Found Rioqoucw's Antique Weapon Shop.
 20047 | D:10     | Noticed a two-headed ogre
 20054 | D:10     | Killed a two-headed ogre
 20077 | D:10     | Reached skill level 8 in Spellcasting
 21380 | D:10     | Noticed a five-headed hydra
 21385 | D:10     | Killed a five-headed hydra
 22685 | D:11     | Reached XP level 12. HP: 66/66 MP: 16/24
 22688 | D:11     | Noticed a two-headed ogre
 23029 | D:11     | Killed a two-headed ogre
 23030 | D:11     | Reached skill level 5 in Earth Magic
 23470 | D:11     | Found a runed translucent gate.
 23470 | D:11     | Found a runed translucent gate.
 23473 | D:11     | Found a runed translucent gate.
 23474 | D:11     | Noticed SirRobin's ghost (journeyman GrFi)
 23562 | D:11     | Noticed a two-headed ogre
 23570 | D:11     | Killed a two-headed ogre
 23785 | D:11     | Found a staircase to the Orcish Mines.
 25659 | D:12     | Identified a scroll of acquirement
 25660 | D:12     | Acquired the ring "Cuynk" {rElec rPois rN+ Str+6}
 25872 | D:12     | Found a gateway to a bazaar.
 26388 | D:12     | Reached skill level 9 in Spellcasting
 27971 | D:13     | Noticed a centaur warrior
 27973 | D:13     | Noticed a seven-headed hydra
 27976 | D:13     | Reached XP level 13. HP: 43/71 MP: 24/26
 28292 | D:9      | Bought a scroll of poison for 64 gold pieces
 28292 | D:9      | Bought a scroll of vulnerability for 64 gold pieces
 28292 | D:9      | Bought a scroll of immolation for 64 gold pieces
 28325 | Lair:1   | Entered Level 1 of the Lair of Beasts
 28376 | Lair:1   | Reached skill level 5 in Ice Magic
 29201 | Lair:1   | You fall into a shaft and drop 1 floor!
 31614 | Lair:2   | Reached skill level 10 in Spellcasting
 32213 | D:8      | Bought a potion of degeneration for 14 gold pieces
 32460 | D:4      | Bought a book of Armaments for 432 gold pieces
 32460 | D:4      | Bought a manual of Fire Magic for 960 gold pieces
 32631 | D:8      | Learned a level 4 spell: Airstrike
 32635 | D:8      | Learned a level 3 spell: Inner Flame
 33101 | Lair:3   | Reached skill level 1 in Fire Magic
 33817 | Lair:3   | Reached skill level 5 in Evocations
 34285 | Lair:3   | Noticed Nergalle
 34299 | Lair:3   | Killed Nergalle
 34750 | Lair:3   | Found a staircase to the Snake Pit.
 35001 | Lair:3   | Found a staircase to the Shoals.
 35013 | Lair:3   | Mangled by a snapping turtle

Illustrated notes

Levels and vault maps discovered:
D:1:      tarquinn_simple_flora_water_f, layout_loops_corners,
          shapermc_ecumenical_altar_mp_urbaneastern, roderic_lattice_a,
          due_unseen_surprise
D:2:      layout_basic, basic_altar, kennysheep_cluttered_room,
          uniq_crazy_yiuf_cottage, uniq_natasha
D:3:      layout_basic, grunt_temple_overflow_open, fountainhead,
          chequers_serial_rivers_micro_e, minivault_19, minmay_pentangle
D:4:      layout_loops_cross, serial_shops, shop, nicolae_take_the_stairs,
          nicolae_shop_advertising_works [nicolae_subvault_shop_adworks]
D:5:      layout_rooms, slow_altar_2, minmay_temple_entry_stoned_glass,
          chequers_serial_rivers_micro_c, minmay_manual_macuahuitl
D:6:      wander_river, layout_cave_pools, gammafunk_ghost_nasty_kobolds
D:7:      layout_basic, abandoned_shop
D:8:      layout_basic, serial_shops, shop, gammafunk_ghost_abyssal_escape,
          uniq_erica, uniq_grum, uniq_joseph, uniq_psyche, uniq_gastronok,
          uniq_maurice
D:9:      layout_basic, due_lair_maze_entry_diamond, serial_shops,
          nicolae_square_shop, shop, nicolae_shop_statue_plus, shop, shop
D:10:     layout_irregular_city
D:11:     layout_loops_cross, orc_0_dummy, biasface_ghost_orc_armoury,
          minivault_23
D:12:     layout_rooms, serial_shops, statue_bzr
D:13:     layout_grid_maze, david_vaults_2, uniq_urug
Temple:   eino_temple_lava
Lair:1:   layout_loops_ring, serial_bayou_shore_b
Lair:2:   layout_long_grid, chequers_serial_rivers_small_a
Lair:3:   layout_long_grid, minmay_shoals_entry_hut,
          guppyfry_snake_entry_island, chequers_serial_rivers_small_3,
          uniq_nergalle

Skill      XL: |  1  2  3  4  5  6  7  8  9 10 11 12 13 |
---------------+----------------------------------------+-----
Stealth        | 3 4 5 6 7 8 |  8.9
Dodging        | 3 4 5 6 |  6.3
Spellcasting   | 3 4 5 6 7 8 9 10 | 10.2
Translocations | 1 2 4 5 6 7 |  7.6
Conjurations   | 5 6 7 8 |  8.6
Summonings     | 1 2 3 4 5 6 7 |  7.4
Air Magic      | 1 2 3 4 5 6 7 |  7.3
Polearms       | 1 2 3 4 |  4.8
Ranged Weapons | 1 2 3 4 |  4.6
Earth Magic    | 1 2 3 4 5 6 |  6.6
Alchemy        | 2 3 4 5 6 7 |  7.5
Evocations     | 1 2 3 4 5 |  5.0
Ice Magic      | 1 3 4 5 |  5.8
Fire Magic     | 2 |  2.0

Action                     |  1- 3 |  4- 6 |  7- 9 | 10-12 | 13-15 || total
---------------------------+-------+-------+-------+-------+-------++-------
  Melee: Short sword       |    19 |    14 |     3 |       |       ||    36
         Tentacles         |     2 |     6 |     3 |       |     2 ||    13
         Constrict         |     2 |     3 |     1 |       |     4 ||    10
         Staff             |       |       |     3 |       |       ||     3
         Scimitar          |       |       |       |     1 |     8 ||     9
         Punch             |       |       |       |       |     1 ||     1
  Throw: Dart              |       |       |       |       |     4 ||     4
   Cast: Magic Dart        |    38 |    74 |    88 |    63 |    19 ||   282
         Searing Ray       |     1 |    30 |    47 |     4 |       ||    82
         Summon Lightning  |       |       |    19 |   104 |    49 ||   172
         Iskenderun's Myst |       |       |     5 |    32 |     4 ||    41
         Fulminant Prism   |       |       |     8 |    34 |       ||    42
         Stone Arrow       |       |       |    12 |   140 |    87 ||   239
         Summon Ice Beast  |       |       |       |    13 |     8 ||    21
         Hailstorm         |       |       |       |     3 |     1 ||     4
         Airstrike         |       |       |       |       |     6 ||     6
         Inner Flame       |       |       |       |       |     2 ||     2
  Evoke: Wand              |       |       |     2 |     5 |     4 ||    11
    Use: Scroll            |       |       |     5 |    10 |     1 ||    16
         Potion            |       |       |       |     3 |     2 ||     5
   Stab: Sleeping          |     1 |     1 |       |       |       ||     2
         Distracted        |       |       |       |       |     1 ||     1
 Armour: Skin              |     9 |    14 |    24 |    44 |    13 ||   104
  Dodge: Dodged            |     9 |    14 |    34 |    49 |    15 ||   121
  Block: Other             |       |       |     9 |    16 |     7 ||    32
         Reflection        |       |       |       |     1 |     1 ||     2
